 Dungeon Crawl Stone Soup version 0.31-a0-995-g04711c9635 (webtiles) character file.

Game seed: 16217194492288242957

142 BritishOli the Trooper (level 5, -4/42 HPs)
             Began as a Demonspawn Fighter on Nov 6, 2023.
             Splashed by a jelly's acid (8 damage)
             ... on level 3 of the Dungeon.
             The game lasted 00:02:09 (2145 turns).

BritishOli the Trooper (Demonspawn Fighter)         Turns: 2145, Time: 00:02:10

Health: -4/42      AC: -7    Str: 18    XL:     5   Next: 4%
Magic:  5/5        EV:  9    Int: 10    God:
Gold:   206        SH:  4    Dex: 12    Spells: 4/4 levels left

rFire   . . .        a - +0 war axe
rCold   . . .        c - +0 buckler
rNeg    . . .        b - +0 scale mail
rPois   .            (no helmet)
rElec   .            (no cloak)
rCorr   .            (no gloves)
SInv    .            n - +0 pair of boots
Will    .....        (no amulet) Stlth
                     (no ring)
HPRegen 0.27/turn    (no ring)
MPRegen 0.09/turn

%: no passive effects
@: corroded
A: claws 2, foul stench 1
a: no special abilities


You were on level 3 of the Dungeon.
You visited 1 branch of the dungeon, and saw 3 of its levels.

You collected 206 gold pieces.

Inventory:

Hand Weapons
 a - a +0 war axe (weapon)
Armour
 b - a +0 scale mail (worn)
 c - a +0 buckler (worn)
 n - a +0 pair of boots (worn)
Jewellery
 o - a ring of willpower
Scrolls
 e - 7 scrolls of identify {unknown}
 f - a scroll of immolation {unknown}
 h - a scroll of torment {unknown}
 i - a scroll of revelation {unknown}
 j - a scroll of brand weapon {unknown}
 k - 2 scrolls of enchant weapon {unknown}
 l - a scroll of butterflies {unknown}
 m - 2 scrolls of teleportation {unknown}
 s - a scroll of blinking {unknown}
 t - a scroll of vulnerability {unknown}
Potions
 d - a potion of might
 g - a potion of brilliance {unknown}
 p - 2 potions of enlightenment {unknown}
 q - a potion of cancellation {unknown}
 r - a potion of attraction {unknown}


   Skills:
 * Level 4.1 Fighting
 * Level 3.1 Axes
 + Level 3.4 Armour
 - Level 3.0 Shields


You had 4 spell levels left.
You didn't know any spells.
Your spell library contained the following spells:

 Spells                   Type           Power      Damage    Failure   Level
 Animate Armour           Summ/Erth      0%         N/A       100%        4
 Summon Lightning Spire   Summ/Air       0%         N/A       100%        4
 Lee's Rapid Deconstruct  Erth           0%         3d4*      100%        5


Dungeon Overview and Level Annotations

Branches:
Dungeon (3/15)

Altars:

Shops:
D:1 *   D:2 :


Innate Abilities, Weirdness & Mutations

You have very sharp fingernails.
You may rarely emit foul miasma when damaged in melee.


Message History

Things that are here:
a +0 dagger; a +0 robe; an orc skeleton
Found a club.
No target in view!
t - a scroll labelled PUHUXT GAIHU No target in view!
A jelly comes into view.
You see here a scroll labelled ROLOEG VUAT.
A jelly is nearby!
You hit the jelly.
Your claws burn!
The jelly is lightly wounded.
The jelly hits you but does no damage.
A jelly is nearby!
You slash the jelly! The acid corrodes you!
Your claws burn!
The jelly is almost dead.
The jelly hits you.
You are splashed with acid!
A jelly is nearby!
You hit the jelly but do no damage.
Your claws burn!
The jelly is almost dead.
The jelly hits you but does no damage. x2
A jelly is nearby!
You are too injured to fight recklessly!
A jelly is nearby!
You are too injured to fight recklessly!
A jelly is nearby!
A jelly is nearby!
You are too injured to fight recklessly!
A jelly is nearby!
You are too injured to fight recklessly!
You completely miss the jelly.
The jelly is almost dead.
The jelly hits you but does no damage.
You hit the jelly. The acid corrodes you!
Your claws burn!
The jelly is almost dead.
The jelly hits you. The acid corrodes you!
You are splashed with acid!
* * * LOW HITPOINT WARNING * * *
The jelly hits you.
* * * LOW HITPOINT WARNING * * *
The acid corrodes you!
You are splashed with acid!
You die...

... #.. . ..# ## #.#
#.# . .. ..#.#
#####.##.#.#
...#....J.#
#.####.####@#
#.........?.# .#
#.####.####.#.###...
..
#.####..............
##
#.......###...)....#
..
#####...............
## #.##+###........
#.....##........ .
#.....##.......# <


You could see a jelly.

Vanquished Creatures
  An orc wizard (D:3)
  5 adders (D:2)
  3 dart slugs
  3 orcs (D:3)
  5 ball pythons
  6 endoplasms
  3 giant cockroaches (D:2)
  9 goblins
  2 hobgoblins
  5 kobolds
  5 quokkas
  7 bats
  6 frilled lizards
  2 rats (D:1)
62 creatures vanquished.

Notes
Turn   | Place    | Note
-------+----------+-------------------------------------------
     0 | D:1      | BritishOli the Demonspawn Fighter began the quest for the
                  | Orb.
     0 | D:1      | Reached XP level 1. HP: 18/18 MP: 1/1
    83 | D:1      | Found Zumnechopt's Assorted Antiques.
    96 | D:1      | Gained mutation: You have sharp fingernails. [demonic
                  | ancestry]
    96 | D:1      | Reached XP level 2. HP: 24/24 MP: 2/2
   478 | D:1      | Reached XP level 3. HP: 26/29 MP: 3/3
   614 | D:1      | Found a faded altar of an unknown god.
   926 | D:2      | Gained mutation: You may rarely emit foul miasma when
                  | damaged in melee. [demonic ancestry]
   926 | D:2      | Reached XP level 4. HP: 7/37 MP: 4/4
  1339 | D:2      | Found Ediqus's Vocational Training.
  1880 | D:3      | Reached skill level 4 in Fighting
  1893 | D:3      | Gained mutation: You have very sharp fingernails. [demonic
                  | ancestry]
  1893 | D:3      | Reached XP level 5. HP: 9/42 MP: 5/5
  2145 | D:3      | Splashed by a jelly's acid

Illustrated notes

Levels and vault maps discovered:
D:1:      dpeg_arrival_leaves_temple_mockup, layout_basic, serial_shops, shop,
          shapermc_ecumenical_altar_notcrosses
D:2:      layout_rooms, nicolae_shop_vocational
D:3:      layout_basic

Skill      XL: |  1  2  3  4 |
---------------+-------------+-----
Axes           | 2 3 |  3.1
Armour         | 3 |  3.4
Shields        | 3 |  3.0
Fighting       | 4 |  4.1

Action                     |  1- 3 |  4- 6 || total
---------------------------+-------+-------++-------
  Melee: War axe           |   162 |    63 ||   225
 Armour: Scale mail        |   154 |    67 ||   221
  Dodge: Dodged            |    99 |    40 ||   139
  Block: Buckler           |    34 |    12 ||    46

Table legend: (Time is in decaauts)
 A = Elapsed time spent in this place.
 B = Non-inter-level travel time spent in this place.
 C = Inter-level travel time spent in this place.
 D = Time resting spent in this place.
 E = Time spent auto-exploring this place.
 F = Levels seen in this place.
 G = Mean time per level.
                   A        B        C        D        E       F      G
               +--------+--------+--------+--------+--------+-----+--------+
         Total |   2240 |   2143 |     97 |    341 |   1299 |   3 |  746.7 |
       Dungeon |   2240 |   2143 |     97 |    341 |   1299 |   3 |  746.7 |
               +--------+--------+--------+--------+--------+-----+--------+

Top non-repeatable levels by time:
     D:1: 851 daAuts
     D:2: 837 daAuts
     D:3: 551 daAuts
